 Dungeon Crawl Stone Soup version 0.31.0-9-g3a7656b989 (webtiles) character file.

Game seed: 11830015474578684085

9 Colgate the Poker (level 2, 14/24 HPs)
             Began as a Demonspawn Cinder Acolyte on Feb 2, 2024.
             Was a High Priest of Ignis.
             Quit the game on level 1 of the Dungeon.
             The game lasted 00:00:16 (151 turns).

Colgate the Poker (Demonspawn Cinder Acolyte)        Turns: 151, Time: 00:00:17

Health: 14/24      AC:  2    Str: 14    XL:     2   Next: 3%
Magic:  3/3        EV: 11    Int: 14    God:    Ignis [*****.]
Gold:   18         SH:  0    Dex:  8    Spells: 3/3 levels left

rFire   + . .        a - -1 spear (flame)
rCold   . . .        (no shield)
rNeg    . . .        b - +0 robe
rPois   .            (no helmet)
rElec   .            (no cloak)
rCorr   .            (no gloves)
SInv    .            (no boots)
Will    .....        (no amulet)
Stlth   +            (no ring)
HPRegen 0.24/turn    (no ring)
MPRegen 0.08/turn

%: no passive effects
@: no status effects
A: demonic magic 1
a: Renounce Religion, Fiery Armour, Foxfire Swarm, Rising Flame


You were on level 1 of the Dungeon.
You worshipped Ignis.
Ignis was extremely pleased with you.
You visited 1 branch of the dungeon, and saw 1 of its levels.

You collected 18 gold pieces.

Inventory:

Hand Weapons
 a - a -1 spear of flaming (weapon)
Armour
 b - a +0 robe (worn)
Potions
 c - a potion of enlightenment {unknown}


   Skills:
 - Level 3.0 Fighting
 + Level 3.2 Polearms
 - Level 1.0 Spellcasting
 - Level 2.6 Fire Magic


You had 3 spell levels left.
You didn't know any spells.
Your spell library contained the following spells:

 Spells                   Type           Power      Damage    Failure   Level
 Scorch                   Fire           16%        2d5       13%         2


Dungeon Overview and Level Annotations

Branches:
Dungeon (1/15)

Altars:


Innate Abilities, Weirdness & Mutations

Spells you cast may paralyse adjacent enemies.


Message History

No target in view!
Key pressed, stopping explore.
No target in view!
Key pressed, stopping explore.
No target in view!
A bat and a rat come into view.
The rat squeaks loudly.
The bat hits you but does no damage.
You hit the bat. You burn the bat.
You kill the bat!
A jackal comes into view. x2
There are monsters nearby!
The jackal barks! x2
A dart slug comes into view.
There are monsters nearby!
There are monsters nearby!
You closely miss the rat. The rat bites you but does no damage.
There are monsters nearby!
You closely miss the rat.
The dart slug briefly extends its eye-stalks.
The rat barely misses you. The jackal misses you.
There are monsters nearby!
You hit the rat. You burn the rat.
You kill the rat!
The jackal bites you. The jackal barely misses you.
The jackal bites you but does no damage.
The dart slug launches a dart at you. The slug dart misses you.
There are monsters nearby!
You hit the jackal. You burn the jackal. The jackal bites you. x2
There are monsters nearby!
You hit the jackal. You burn the jackal.
You kill the jackal!
The jackal bites you. The dart slug launches a dart at you.
The slug dart hits you. The jackal barely misses you.
You have reached level 2!
Your demonic ancestry asserts itself...
A menacing aura infuses your magic.
Are you sure you want to abandon this character and quit the game? (Confirm with "yes".)

.........
###.###.# .# .. #
#.# #.# #. ##.#
#.# #.###........
##.###.#.....
.w.#
##...##.#.#..#
#..#
..†..)#.#.#..#
#..#
##...........#
#†.#
....###.#.#.##
#@h# . #####
#.#.#.####..#....
#......).......#
###.##.###..#.##
#.##.# #..#.#
#.##.# #..# #
#.##.# #...
#.##.# #.##.
#..... ..# .#


You could see a dart slug and a jackal.

Vanquished Creatures
  2 bats (D:1)
  A giant cockroach (D:1)
  2 goblins (D:1)
  A jackal (D:1)
  2 rats (D:1)
8 creatures vanquished.

Notes
Turn   | Place    | Note
-------+----------+-------------------------------------------
     0 | D:1      | Colgate the Demonspawn Cinder Acolyte began the quest for
                  | the Orb.
     0 | D:1      | Reached XP level 1. HP: 18/18 MP: 2/2
   151 | D:1      | Gained mutation: Spells you cast may paralyse adjacent
                  | enemies. [demonic ancestry]
   151 | D:1      | Reached XP level 2. HP: 14/24 MP: 3/3
   151 | D:1      | Quit the game

Illustrated notes

Levels and vault maps discovered:
D:1:      dpeg_arrival_prison, layout_loops_ring,
          dreamdust_ecumenical_altar_drowned_temple

Skill      XL: |  1 |
---------------+----+-----
Polearms       | 3 |  3.2
Fighting       | |  3.0
Spellcasting   | |  1.0
Fire Magic     | |  2.6

Action                     || total
---------------------------++-------
  Melee: Spear             ||    24
 Armour: Robe              ||    16
  Dodge: Dodged            ||    11
